 Dungeon Crawl Stone Soup version 0.31-a0-986-g5e6e4ef867 (webtiles) character file.

Game seed: 13543360531215722810

126 Skeral the Trooper (level 4, -5/22 HPs)
             Began as a Felid Chaos Knight on Nov 16, 2023.
             Was a Plaything of Xom.
             Slain by a wyvern (16 damage)
             ... on level 3 of the Dungeon.
             The game lasted 00:08:11 (2722 turns).

Skeral the Trooper (Felid Chaos Knight)             Turns: 2722, Time: 00:08:12

Health: -5/22      AC:  1    Str: 10    XL:     4   Next: 84%
Magic:  5/5        EV: 17    Int: 13    God:    Xom [.*....]
Gold:   40         SH:  0    Dex: 15    Spells: 3/3 levels left
                                        Lives:  0   Deaths: 2

rFire   + .          .
                       - Unarmed
rCold   . . .        (shield unavailable)
rNeg    . . .        (body armour unavailable)
rPois   .            (helmet unavailable)
rElec   .            (cloak unavailable)
rCorr   .            (gloves unavailable)
SInv    +            (boots unavailable)
Will    .....        (no amulet)
Stlth   ++           F - ring of protection from fire
HPRegen 0.23/turn    (no ring)
MPRegen 0.09/turn

%: no passive effects
@: quick
A: very small, claws 1, fangs 3, see invisible, speed 1, shaggy fur 1, stealthy
paws, no weapons or thrown items, no armour, multi-lived
a: Renounce Religion


You were on level 3 of the Dungeon.
You worshipped Xom.
You were a plaything of Xom.
You visited 1 branch of the dungeon, and saw 4 of its levels.

You collected 40 gold pieces.


Innate Abilities, Weirdness & Mutations

You have sharp claws.
You have razor-sharp teeth.
You have supernaturally acute eyesight. (SInv)
You cover ground quickly. (Speed+)
You are covered in fur. (AC +1)
Your paws help you pounce on unaware monsters.
You are incapable of wielding weapons or throwing items.
You cannot wear armour.
You gain extra lives every three experience levels.


   Skills:
 + Level 4.1 Fighting
 - Level 3.2 Dodging
 + Level 3.6 Stealth
 + Level 4.0 Unarmed Combat


You had 3 spell levels left.
You didn't know any spells.
Your spell library was empty.

Inventory:

Jewellery
 F - a ring of protection from fire (left paw)
   (You found it on level 3 of the Dungeon)
Wands
 k - a wand of quicksilver (13)
   (You found it on level 3 of the Dungeon)
Scrolls
 a - 3 scrolls of butterflies
 b - a scroll of torment {unknown}
 c - a scroll of immolation {unknown}
 f - a scroll of noise {unknown}
 g - 3 scrolls of identify {unknown}
 h - a scroll of enchant armour {unknown}
 i - a scroll of fear {unknown}
 n - a scroll of revelation {unknown}
 o - a scroll of enchant weapon {unknown}
Potions
 d - a potion of enlightenment {unknown}
 e - 2 potions of invisibility {unknown}
 j - a potion of mutation {unknown}
 l - a potion of berserk rage {unknown}
 m - a potion of curing {unknown}

Dungeon Overview and Level Annotations

Branches:
Dungeon (4/15) Zot: 26884
 Temple: D:4-7

Altars:
Dithmenos

Annotations:
D:2 Sigmund
D:3 1 runed translucent door, Crazy Yiuf

#..>...#'....#.#.#.#.#.#.#.#'....
#......+#....+#.#.#.#.#.#.#.#....
#......#+....#.#.#.#.#.#.#.#'....
#......'#.....#.#.#.#+#.#.#.#....
#......#.#+#.#.#.#.#...#.#.#.#...
#......+#.#.#.#.#.#....+#.#.#+...
#......#.#.#.#.#.#+....#.#.#.#...
#####'#.#.#.#.#l#.#.....#.#.#+...
#.#.#.#.#.#.#@#+...+#.#.#.#...
#####'#+#+#.#.#.#.#...#.#.#.#+...
#..........#.#.#.#+...+#.#.#.#...
#..........+#.#.#.#...#.#.#.#.###
#..........#.#.#.#.#+#.#.#.#.##
#..........+#.#.#.#.#.#.#.#.##
#..........#.#.#.#.#.#.#.#.#.#
#..........+#.#.#.#.#.#.#.#.## ##
#..........#.#.#+#.#.#.#.#.#.# #)


You could see a wyvern.


Message History

Your bite misses the iguana. The iguana closely misses you. 😕 HP[+1]
You scratch the iguana but do no damage.
You completely miss the iguana. The iguana closely misses you.
The iguana attacks as it pursues you! The iguana misses you. 😎 HP[+1]
Your hp is fully restored (22).
There is a stone staircase leading up here.
You climb upwards.
Level annotation: 1 runed translucent door, Crazy Yiuf
There is a stone staircase leading down here.
There is an open door here.
There is an open door here.
There is a stone staircase leading down here.
You climb downwards.
The iguana misses you.
There is a stone staircase leading up here.
You scratch the iguana but do no damage.
The iguana bites you but does no damage.
You barely miss the iguana. The iguana barely misses you.
You climb upwards.
Level annotation: 1 runed translucent door, Crazy Yiuf
There is a stone staircase leading down here.
You barely miss the iguana. You claw the iguana. The iguana bites you.
A shower of butterflies erupts from you! 😕 HP[-5]
You take 5 damage, and now have 17/22 hp.
MASSIVE DAMAGE!! (PAUSE)
The iguana barely misses you.
You scratch the iguana but do no damage.
The iguana bites you.
You scratch the iguana. The iguana closely misses you.
You scratch the iguana but do no damage.
You claw the iguana, but do no damage. The iguana bites you. 😮 HP[-2]
You take 2 damage, and now have 15/22 hp.
You scratch the iguana but do no damage.
The iguana misses you.
You scratch the iguana. You bite the iguana. The iguana bites you. 😮 HP[-2]
You take 2 damage, and now have 13/22 hp.
You completely miss the iguana. The iguana bites you.
* * * LOW HITPOINT WARNING * * *
😨 HP[-4]
You take 4 damage, and now have 9/22 hp.
You swap places.
The iguana closely misses your butterfly.
You swap places.
The iguana bites your butterfly!
Your butterfly dies!
Your butterfly disappears in a puff of smoke! 😨 HP[+1]
You scratch the iguana. The iguana closely misses you.
You closely miss the iguana. The iguana bites you!
Ouch! That really hurt!
You die...
You rejoin the land of the living... 😎 HP[+12]
Your hp is fully restored (22).
There is an open door here.
Xom decides to rearrange the pieces.
You swap places with the iguana.
The iguana looks rather confused.
The iguana closely misses you.
You barely miss the iguana. The iguana completely misses you.
You scratch the iguana.
You kill the iguana!
Your Unarmed Combat skill increases to level 4!
You see here an iguana corpse.
Crazy Yiuf says, "Against boredom even gods struggle in vain."
There is an open door here.
There is an escape hatch in the ceiling here.
There is an open door here.
There is a stone staircase leading down here.
You climb downwards.
There is a stone staircase leading up here.
Take the exit?
The scorpion closely misses you.
You climb upwards.
Level annotation: 1 runed translucent door, Crazy Yiuf "Hum-dee-hum-dee-hum..."
The scorpion evaporates and reforms as a wyvern!
You are now a plaything of Xom.
There is a stone staircase leading down here.
The wyvern misses you.
There is an open door here.
You open the door. The wyvern misses you. The wyvern bites you!
Ouch! That really hurt!
* * * LOW HITPOINT WARNING * * *
😨 HP[-13]
You take 13 damage, and now have 9/22 hp.
MASSIVE DAMAGE!! (PAUSE)
There is an open door here. 😨 HP[+1]
The wyvern attacks as it pursues you! The wyvern barely misses you.
The wyvern closely misses you. 😨 HP[+1]
The wyvern attacks as it pursues you! The wyvern bites you!
Ouch! That really hurt!
You die...
Xom cackles wildly!

Skill      XL: |  1  2  3  4 |
---------------+-------------+-----
Stealth        | 1 2 3 |  3.6
Fighting       | 4 |  4.1
Unarmed Combat | 4 |  4.0
Dodging        | |  3.2

Action                     |  1- 3 |  4- 6 || total
---------------------------+-------+-------++-------
  Melee: Unarmed           |   109 |    60 ||   169
         Bite              |     7 |     4 ||    11
         Punch             |     3 |     3 ||     6
    Use: Potion            |     1 |       ||     1
   Stab: Sleeping          |     4 |     2 ||     6
         Distracted        |     1 |       ||     1
 Armour: Skin              |    32 |    26 ||    58
  Dodge: Dodged            |    67 |    37 ||   104

Levels and vault maps discovered:
D:1:      dpeg_arrival_pits, layout_basic, minmay_fountain_box
D:2:      layout_loops_ring, uniq_sigmund
D:3:      layout_basic, uniq_crazy_yiuf_cottage
D:4:      layout_cave_pools, grunt_dithmenos_smoke

Notes
Turn   | Place    | Note
-------+----------+-------------------------------------------
     0 | D:1      | Skeral the Felid Chaos Knight began the quest for the Orb.
     0 | D:1      | Reached XP level 1. HP: 10/10 MP: 2/2
     0 | D:1      | magus.rc [v1.10.3]
    33 | D:1      | XOM: butterfly on damage
    73 | D:1      | XOM: silly message
    89 | D:1      | Reached skill level 1 in Stealth
   176 | D:1      | Reached XP level 2. HP: 11/14 MP: 3/3
   278 | D:1      | XOM: silly message
   388 | D:1      | XOM: potion effect (might)
   526 | D:1      | XOM: silly message
   576 | D:1      | XOM: god gift: +3 scale mail of positive energy
   653 | D:1      | XOM is BORED!
   782 | D:2      | Noticed Sigmund
   886 | D:2      | XOM: cast spell 'Metabolic Englaciation'
   890 | D:2      | Reached skill level 2 in Stealth
   966 | D:2      | HP: 3/14 [adder (4)]
   968 | D:2      | XOM: summons 2 friendly demons
   972 | D:2      | HP: 3/14 [poisoned by an adder]
   975 | D:2      | Slain by an adder
   998 | D:2      | Reached XP level 3. HP: 17/17 MP: 4/4
  1049 | D:2      | XOM: butterfly on damage
  1138 | D:2      | XOM: butterfly on damage
  1343 | D:2      | Reached XP level 4. HP: 22/22 MP: 5/5
  1386 | D:2      | Reached skill level 3 in Stealth
  1405 | D:2      | XOM: silly message
  1498 | D:2      | XOM: silly message
  1621 | D:3      | XOM: 4-stop teleportation journey
  1857 | D:3      | XOM: noise
  2221 | D:3      | Found a runed translucent door.
  2222 | D:3      | Noticed Crazy Yiuf
  2367 | D:3      | XOM: silly message
  2381 | D:4      | Found a shadowy altar of Dithmenos.
  2390 | D:4      | Noticed a scorpion
  2438 | D:4      | Reached skill level 4 in Fighting
  2495 | D:4      | Noticed a scorpion
  2567 | D:3      | XOM: butterfly on damage
  2581 | D:3      | Slain by an iguana
  2621 | D:3      | XOM: swap monsters
  2626 | D:3      | Reached skill level 4 in Unarmed Combat
  2708 | D:3      | a scorpion changed into a wyvern
  2708 | D:3      | Noticed a wyvern
  2708 | D:3      | XOM: polymorph scorpion -> wyvern
  2722 | D:3      | Slain by a wyvern

Vanquished Creatures
  An iguana (D:3)
  5 adders
  4 dart slugs
  4 ball pythons
  2 endoplasms
  5 giant cockroaches
  7 goblins
  4 hobgoblins
  5 kobolds
  A quokka (D:1)
  2 bats
  5 frilled lizards
  4 rats
49 creatures vanquished.

Table legend:
 A = Non-vault XP
 B = Vault XP
 C = Vault XP percentage of total XP
 D = Non-vault monster count
 E = Vault monster count
 F = Vault count percentage of total count
                 A         B        C        D         E       F
            +---------+---------+-------+---------+---------+-------
      Total |     181 |       0 |   0.0 |      49 |       0 |   0.0
            +---------+---------+-------+---------+---------+-------
        D:1 |      30 |       0 |   0.0 |      19 |       0 |   0.0
        D:2 |      77 |       0 |   0.0 |      20 |       0 |   0.0
        D:3 |      68 |       0 |   0.0 |       8 |       0 |   0.0
        D:4 |       6 |       0 |   0.0 |       2 |       0 |   0.0
            +---------+---------+-------+---------+---------+-------

Skill      XL: |  1  2  3  4 |
---------------+-------------+-----
Stealth        | 1 2 3 |  3.6
Fighting       | 4 |  4.1
Unarmed Combat | 4 |  4.0
Dodging        | |  3.2

Action                     |  1- 3 |  4- 6 || total
---------------------------+-------+-------++-------
  Melee: Unarmed           |   109 |    60 ||   169
         Bite              |     7 |     4 ||    11
         Punch             |     3 |     3 ||     6
    Use: Potion            |     1 |       ||     1
   Stab: Sleeping          |     4 |     2 ||     6
         Distracted        |     1 |       ||     1
 Armour: Skin              |    32 |    26 ||    58
  Dodge: Dodged            |    67 |    37 ||   104

Illustrated notes

Table legend:
 A = Kills in this place as a percentage of kills in the entire game.
 B = Kills by you in this place as a percentage of kills by you in the entire game.
 C = Kills by friends in this place as a percentage of kills by friends in the entire game.
 D = Other kills in this place as a percentage of other kills in the entire game.
 E = Experience gained in this place as a percentage of experience gained in the entire game.
 F = Experience gained in this place divided by the number of levels of this place that you have seen.
                   A       B       C       D       E      F
               +-------+-------+-------+-------+-------+----------------------
         Total | 100.0 | 100.0 |   N/A |   N/A | 100.0 |  45.2
       Dungeon | 100.0 | 100.0 |   N/A |   N/A | 100.0 |  45.2
               +-------+-------+-------+-------+-------+----------------------

Table legend: (Time is in decaauts)
 A = Elapsed time spent in this place.
 B = Non-inter-level travel time spent in this place.
 C = Inter-level travel time spent in this place.
 D = Time resting spent in this place.
 E = Time spent auto-exploring this place.
 F = Levels seen in this place.
 G = Mean time per level.
                   A        B        C        D        E       F      G
               +--------+--------+--------+--------+--------+-----+--------+
         Total |   2248 |   2064 |    184 |     92 |    892 |   4 |  562.0 |
       Dungeon |   2248 |   2064 |    184 |     92 |    892 |   4 |  562.0 |
               +--------+--------+--------+--------+--------+-----+--------+

Top non-repeatable levels by time:
     D:3: 860 daAuts
     D:1: 708 daAuts
     D:2: 577 daAuts
     D:4: 102 daAuts
